 Dungeon Crawl Stone Soup version 0.23.2 (webtiles) character file.

Game seed: 49995211572810143

7970 HuneSparrow the Carver (level 11, -24/92 HPs)
             Began as a Minotaur Fighter on Apr 2, 2019.
             Was a Priest of Makhleb.
             Annihilated by a white ugly thing (27 damage)
             ... on level 11 of the Dungeon on Apr 3, 2019.
             The game lasted 00:48:18 (6980 turns).

HuneSparrow the Carver (Minotaur Fighter)           Turns: 6980, Time: 00:48:21

Health: -24/92     AC: 19    Str: 30    XL:     11   Next: 3%
Magic:  10/10      EV: 13    Int:  5    God:    Makhleb [***...]
Gold:   452        SH: 12    Dex:  9    Spells: 10/10 levels left

rFire    . . .     SeeInvis .   M - +1 long sword (elec)
rCold    . . .     Gourm    .   c - +0 shield
rNeg     . . .     Faith    .   H - +0 plate armour
rPois    .         Spirit   .   (helmet restricted)
rElec    .         Reflect  .   (no cloak)
rCorr    .         Harm     .   F - +0 pair of gloves
MR       .....                  (no boots)
Stlth    ..........             (no amulet)
HPRegen  0.25/turn              J - +4 ring of protection
MPRegen  0.12/turn              x - +5 ring of evasion

@: mighty
A: retaliatory headbutt, horns 2
a: Minor Destruction, Lesser Servant of Makhleb, Renounce Religion


You were on level 11 of the Dungeon.
You worshipped Makhleb.
Makhleb was most pleased with you.
You were hungry.

You visited 2 branches of the dungeon, and saw 12 of its levels.

You collected 452 gold pieces.

Inventory:

Hand Weapons
 M - a +1 long sword of electrocution (weapon)
Armour
 c - a +0 shield (worn)
 h - a +1 scale mail of fire resistance
 F - a +0 pair of gloves (worn)
 H - a +0 plate armour (worn)
Jewellery
 s - a +3 ring of dexterity
 x - a +5 ring of evasion (right hand)
 y - an uncursed ring of positive energy
 J - a +4 ring of protection (left hand)
Wands
 A - a wand of flame (17)
 D - a wand of disintegration (15)
Scrolls
 b - 3 scrolls of random uselessness {unknown}
 j - 6 scrolls of remove curse {unknown}
 k - a scroll of fog {unknown}
 l - 3 scrolls of noise {unknown}
 n - 5 scrolls of identify
 p - 3 scrolls of blinking
 q - a scroll of enchant weapon {unknown}
 r - 6 scrolls of teleportation
 v - a scroll of fear {unknown}
 z - a scroll of amnesia {unknown}
 E - 3 scrolls of enchant armour {unknown}
 G - a scroll of magic mapping {unknown}
Potions
 d - 2 potions of might
 e - 4 potions of curing
 g - 2 potions of mutation {unknown}
 i - a potion of invisibility {unknown}
 m - a potion of flight {unknown}
 o - 2 potions of berserk rage {unknown}
 t - a potion of degeneration {unknown}
 u - 2 potions of lignification {unknown}
 w - 2 potions of ambrosia {unknown}
 B - a potion of brilliance {unknown}
 K - 2 potions of haste {unknown}
 L - a potion of heal wounds {unknown}
Miscellaneous
 C - a fan of gales
Comestibles
 f - 23 rations
 I - 9 chunks of flesh


   Skills:
 + Level 7.4 Fighting
 + Level 14.2 Long Blades
 + Level 8.2 Armour
 + Level 4.2 Dodging
 + Level 9.7 Shields
 - Level 0.8 Evocations


You had 10 spell levels left.
You didn't know any spells.
Your spell library contained the following spells:

 Spells                   Type           Power        Failure   Level  Hunger
 Animate Skeleton         Necr           N/A          100%        1    ##.....
 Beastly Appendage        Tmut           #.....       100%        1    ##.....
 Corona                   Hex            #......      100%        1    ##.....
 Freeze                   Ice            #...         100%        1    ##.....
 Infusion                 Chrm           #...         100%        1    ##.....
 Magic Dart               Conj           #...         100%        1    ##.....
 Shock                    Conj/Air       #...         100%        1    ##.....
 Ensorcelled Hibernation  Hex/Ice        #.....       100%        2    ###....
 Swiftness                Chrm/Air       #.......     100%        2    ###....
 Confuse                  Hex            #.......     100%        3    ####...
 Dazzling Spray           Conj/Hex       #.....       100%        3    ####...
 Static Discharge         Conj/Air       #.......     100%        3    ####...
 Tukima's Dance           Hex            #.......     100%        3    ####...
 Airstrike                Air            #.........   100%        4    #####..
 Lightning Bolt           Conj/Air       #.........   100%        5    ######.


Dungeon Overview and Level Annotations

Branches:
Dungeon (11/15)            Temple (1/1) D:6            Lair (0/6) D:9
    Orc (0/2) D:9

Altars:
Ashenzari
Cheibriados
Dithmenos
Elyvilon
Fedhas
Gozag
Hepliaklqana
Kikubaaqudgha
Makhleb
Nemelex Xobeh
Okawaru
Qazlal
Ru
Sif Muna
Trog
Uskayaw
Vehumet
Wu Jian
Xom
Yredelemnul
Zin
The Shining One

Shops:
D:10 [(}}

Annotations:
D:10 wand of digging in shop


Innate Abilities, Weirdness & Mutations

You reflexively headbutt those who attack you in melee.
You have a pair of horns on your head.


Message History

Lightning courses through the white ugly thing!
The white ugly thing is moderately wounded.
Something hits you but does no damage.
The jackal stops to sniff the ground.
The shadow imp gestures at you.
You struggle to resist.
The white ugly thing tail-slaps you but does no damage.
You slash the shadow imp!
You kill the shadow imp!
Makhleb accepts your kill. Something hits you but does no damage.
The white ugly thing tail-slaps you. The white ugly thing freezes you!!
* * * LOW HITPOINT WARNING * * *
You feel better. Something hits you.
* * * LOW HITPOINT WARNING * * *
A hippogriff comes into view.
The white ugly thing tail-slaps you!
* * * LOW HITPOINT WARNING * * *
The white ugly thing freezes you!!
You die...

########
####......# .
#.....≈≈..#..
#.....≈.....
#......≈.####
#............
#..O@<...#
...'..†uh...#
####........#
#........#
####.#####
H.. ≈.≈ ≈...


You could see a white ugly thing, a hippogriff (wandering), an ogre and a
jackal.

Vanquished Creatures
  Harold (D:10)
  A two-headed ogre (D:8)
  A deep elf mage (D:8)
  Joseph (D:7)
  A spriggan (D:7)
  9 yaks
  A steam dragon (D:9)
  A warg (D:9)
  4 orc warriors
  A porcupine (D:9)
  2 black bears
  2 ice beasts (D:9)
  A sky beast (D:6)
  A phantom (D:6)
  2 ogres (D:7)
  5 centaurs
  8 bullfrogs
  2 scorpions
  3 killer bees (D:7)
  8 wights
  3 howler monkeys
  3 crimson imps
  3 hounds
  8 orc priests
  A gnoll shaman (D:10)
  A bullfrog skeleton (D:7)
  Terence (D:2)
  4 iguanas
  11 orc wizards
  4 worker ants
  A hound zombie (D:6)
  2 worker ant zombies
  A howler monkey zombie (D:9)
  13 gnolls
  13 adders
  3 shadow imps
  An ooze (D:6)
  2 adder skeletons
  A worm (D:3)
  3 dart slugs
  4 leopard geckos
  27 orcs
  2 bats (D:1)
  4 giant cockroaches
  15 goblins
  11 hobgoblins
  3 jackals (D:7)
  2 kobolds
  5 quokkas
  A ball python (D:2)
  A ball python skeleton (D:4)
  8 frilled lizards
  2 giant cockroach zombies
  A jackal skeleton (D:6)
  A leopard gecko skeleton (D:4)
  3 rats
224 creatures vanquished.

Notes
Turn   | Place    | Note
-------+----------+-------------------------------------------
     0 | D:1      | HuneSparrow the Minotaur Fighter began the quest for the
                  | Orb.
     0 | D:1      | Reached XP level 1. HP: 19/19 MP: 0/0
   191 | D:1      | Reached XP level 2. HP: 27/27 MP: 1/1
   660 | D:2      | Noticed Terence
   672 | D:2      | Killed Terence
   672 | D:2      | Reached skill level 3 in Long Blades
   672 | D:2      | Reached XP level 3. HP: 30/33 MP: 2/2
   761 | D:2      | Reached XP level 4. HP: 30/40 MP: 3/3
   926 | D:2      | Found a deep blue altar of Sif Muna.
  1037 | D:2      | Found a glowing golden altar of the Shining One.
  1207 | D:3      | Reached skill level 4 in Long Blades
  1445 | D:3      | Reached XP level 5. HP: 45/46 MP: 4/4
  1452 | D:3      | Reached skill level 1 in Dodging
  1763 | D:4      | Reached skill level 5 in Long Blades
  1830 | D:4      | Reached skill level 5 in Shields
  1866 | D:4      | Reached XP level 6. HP: 52/52 MP: 5/5
  2177 | D:4      | Found a sparkling altar of Nemelex Xobeh.
  2330 | D:5      | Entered Level 5 of the Dungeon
  2407 | D:5      | Reached skill level 6 in Long Blades
  2490 | D:5      | Reached skill level 5 in Armour
  2533 | D:5      | Reached XP level 7. HP: 18/60 MP: 6/6
  2542 | D:5      | Reached skill level 7 in Long Blades
  3219 | D:6      | Reached skill level 8 in Long Blades
  3287 | D:6      | Reached skill level 5 in Fighting
  3287 | D:6      | Reached XP level 8. HP: 54/68 MP: 7/7
  3362 | D:6      | Found a staircase to the Ecumenical Temple.
  3374 | Temple   | Entered the Ecumenical Temple
  3381 | Temple   | Became a worshipper of Makhleb the Destroyer
  3410 | D:6      | Reached skill level 9 in Long Blades
  3431 | D:6      | Found a shimmering altar of Xom.
  4035 | D:7      | Found a white marble altar of Elyvilon.
  4124 | D:7      | Reached skill level 10 in Long Blades
  4289 | D:7      | Reached * piety under Makhleb
  4335 | D:7      | Noticed Joseph
  4349 | D:7      | Killed Joseph
  4349 | D:7      | Reached XP level 9. HP: 31/75 MP: 8/8
  4917 | D:8      | Reached skill level 11 in Long Blades
  4960 | D:8      | Noticed a two-headed ogre
  4983 | D:8      | Killed a two-headed ogre
  5106 | D:8      | Reached skill level 12 in Long Blades
  5131 | D:8      | Identified Jomoin's Magic for Neophytes
  5288 | D:8      | Noticed a deep elf mage
  5295 | D:8      | Killed a deep elf mage
  5355 | D:8      | Reached XP level 10. HP: 83/84 MP: 9/9
  5546 | D:9      | Found a staircase to the Lair.
  5556 | D:9      | Reached ** piety under Makhleb
  5766 | D:9      | Reached skill level 13 in Long Blades
  5842 | D:9      | Found a staircase to the Orcish Mines.
  5947 | D:9      | Found an iron altar of Okawaru.
  6119 | D:10     | Entered Level 10 of the Dungeon
  6219 | D:10     | Reached *** piety under Makhleb
  6342 | D:10     | Found Juysiodd's Gadget Shop.
  6404 | D:10     | Found Biuguel's Gadget Boutique.
  6464 | D:10     | Found Fow Rong's Book Emporium.
  6472 | D:10     | Noticed Harold
  6486 | D:10     | Killed Harold
  6636 | D:10     | Reached skill level 14 in Long Blades
  6682 | D:10     | Found Jigryil's Antique Weapon Shoppe.
  6698 | D:10     | Found Kohack's Armour Emporium.
  6772 | D:10     | Reached XP level 11. HP: 92/92 MP: 10/10
  6964 | D:11     | Noticed a white ugly thing
  6980 | D:11     | HP: 3/92 [white ugly thing (9)]
  6980 | D:11     | Annihilated by a white ugly thing

Skill      XL: |  1  2  3  4  5  6  7  8  9 10 |
---------------+-------------------------------+-----
Shields        | 4 5 6 8 9 |  9.7
Long Blades    | 3 4 5 6 8 10 12 14 | 14.2
Armour         | 4 5 6 7 8 |  8.2
Fighting       | 4 5 6 7 |  7.4
Dodging        | 1 2 3 4 |  4.2
Evocations     | |  0.8

Action                   |  1- 3 |  4- 6 |  7- 9 | 10-12 || total
-------------------------+-------+-------+-------+-------++-------
Melee: Long sword        |    73 |   132 |   307 |   258 ||   770
       Headbutt          |    10 |    23 |    79 |    68 ||   180
Evoke: Wand              |       |       |     2 |     3 ||     5
  Use: Scroll            |       |     3 |       |       ||     3
       Potion            |       |       |     1 |     3 ||     4
  Eat: Chunk             |       |     5 |    10 |     5 ||    20
Armor: Scale mail        |    29 |    53 |    56 |    20 ||   158
       Plate armour      |       |       |       |    34 ||    34
Dodge: Dodged            |    14 |    46 |   112 |    81 ||   253
Block: Shield            |    36 |    59 |   147 |   125 ||   367
       Rpst.: Long sword |     7 |    16 |    24 |    19 ||    66
